 Dungeon Crawl Stone Soup version 0.19-a0-734-ge18daf0 (webtiles) character file.

63 inmateoo the Magician (level 3, -1/19 HPs)
             Began as a Deep Elf Wizard on June 22, 2016.
             Slain by a gnoll
             ... wielding a +0 spear
              (5 damage)
             ... on level 2 of the Dungeon.
             The game lasted 00:01:40 (1258 turns).

inmateoo the Magician (Deep Elf Wizard)             Turns: 1258, Time: 00:01:41

Health: -1/19      AC:  2    Str:  4    XL:     3   Next: 87%
Magic:  4/11       EV: 13    Int: 23    God:
Gold:   31         SH:  0    Dex: 13    Spells: 4 memorised, 4 levels left

rFire  . . .     SeeInvis .     j - +0 dagger
rCold  . . .     Gourm    .     a - +0 robe
rNeg   . . .     Faith    .     (no shield)
rPois  .         Spirit   .     b - +0 hat
rElec  .         Dismiss  .     (no cloak)
rCorr  .         Reflect  .     (no gloves)
SustAt .         Harm     .     (no boots)
MR     .....                    (no amulet)
Stlth  ++........               (no ring)
                                (no ring)

@: repel missiles, not resistant to hostile enchantments, unstealthy
A: no striking features
a: no special abilities


You were on level 2 of the Dungeon.
You were not hungry.

You visited 1 branch of the dungeon, and saw 2 of its levels.

You collected 31 gold pieces.

Inventory:

Hand Weapons
 g - a +0 club
 j - a +0 dagger (weapon)
Armour
 a - a +0 robe (worn)
 b - a +0 hat (worn)
Jewellery
 m - an uncursed ring of fire
Scrolls
 f - a scroll of immolation {unknown}
 k - a scroll of fear {unknown}
 l - a scroll of remove curse {unknown}
Potions
 e - a potion of mutation {unknown}
 i - 2 potions of curing {unknown}
 n - a potion of flight {unknown}
Books
 c - a book of Minor Magic

   Spells                             Type                      Level
   a - Magic Dart                     Conjuration                  1
   b - Blink                          Translocation                2
   c - Call Imp                       Summoning                    2
   d - Repel Missiles                 Charms/Air                   2
   e - Slow                           Hexes                        2
   f - Conjure Flame                  Conjuration/Fire             3
   g - Mephitic Cloud                 Conjuration/Poison/Air       3
Comestibles
 d - 2 bread rations
 h - a beef jerky


   Skills:
 + Level 3.0 Dodging
 + Level 3.2 Stealth
 + Level 4.8 Spellcasting
 * Level 2.9 Conjurations
 - Level 1.1 Summonings
 - Level 1.1 Translocations


You had 4 spell levels left.
You knew the following spells:

 Your Spells              Type           Power        Failure   Level  Hunger
a - Magic Dart            Conj           ###.         2%          1    None
b - Blink                 Tloc           N/A          12%         2    None
c - Call Imp              Summ           ##......     12%         2    None
d - Repel Missiles        Chrm/Air       #.....       17%         2    None


Dungeon Overview and Level Annotations

Branches:
Dungeon (2/15)

Altars:
Dithmenos
The Shining One


Message History

The gnoll barely misses you.
Casting: Magic Dart
Confirm with . or Enter, or press ? or * to list all spells.
Aiming: Magic Dart
Press: ? - help, Shift-Dir - straight line, f/p - gnoll
Aim: a gnoll, wielding a spear The magic dart hits the gnoll.
The gnoll is severely wounded.
The gnoll hits you from afar with a spear!
Ouch! That really hurt!
* * * LOW HITPOINT WARNING * * *
Casting: Magic Dart
Confirm with . or Enter, or press ? or * to list all spells.
Aiming: Magic Dart
Press: ? - help, Shift-Dir - straight line, f/p - gnoll
Aim: a gnoll, wielding a spear The magic dart hits the gnoll.
The gnoll is almost dead.
The gnoll hits you from afar with a spear.
You die...

#)######.#....
#.#...........
#.#.##.#.#....
#.#.#..#.#....
#######.#......#....
#.......###.........
#.####### #.####....
#.#### #.........
#..@.# #..######.
####.# #.......#. g#
##.####.#. g# #.# g#
#.# .# #.# .. #.# ##
#.#


You could see 3 gnolls.

Vanquished Creatures
  An adder (D:2)
  A giant gecko (D:1)
  2 giant cockroaches (D:1)
  8 goblins (D:1)
  6 hobgoblins
  9 jackals (D:2)
  A ball python (D:1)
  3 bats
  3 giant newts (D:1)
  7 kobolds
  6 rats
47 creatures vanquished.

Notes
Turn   | Place    | Note
--------------------------------------------------------------
     0 | D:1      | inmateoo the Deep Elf Wizard began the quest for the Orb.
     0 | D:1      | Reached XP level 1. HP: 10/10 MP: 7/7
   150 | D:1      | Reached XP level 2. HP: 15/15 MP: 3/9
   159 | D:1      | Learned a level 2 spell: Blink
   162 | D:1      | Learned a level 2 spell: Call Imp
   165 | D:1      | Learned a level 2 spell: Repel Missiles
   649 | D:1      | Reached XP level 3. HP: 19/19 MP: 4/11
  1044 | D:2      | Found a shadowy altar of Dithmenos.
  1057 | D:2      | Found a glowing golden altar of the Shining One.
  1258 | D:2      | Slain by a gnoll

Vault maps used:
D:1:      roderic_crossed_star
D:2:      tso_metal_star, overflow_temple_1_default, serial_bayou_lagoon_a

Skill      XL: |  1  2  3 |
---------------+----------+-----
Conjurations   | 2 |  2.9
Stealth        | 3 |  3.2
Dodging        | 3 |  3.0
Spellcasting   | |  4.8
Summonings     | |  1.1
Translocations | |  1.1

Action                   || total
-------------------------++-------
Melee: Club              ||     5
       Dagger            ||     6
 Cast: Magic Dart        ||    92
       Repel Missiles    ||     1
  Eat: Chunk             ||     1
Armor: Robe              ||     1
Dodge: Dodged            ||    16
       Deflected         ||     1
